 Dungeon Crawl Stone Soup version 0.27-a0-811-ga052575696 (webtiles) character file.

Game seed: 14625897403384824924

5551 brajfter the Geomancer (level 10, -4/63 HPs)
             Began as a Gargoyle Earth Elementalist on Mar 29, 2021.
             Was a Believer of Vehumet.
             Slain by a tentacled starspawn (27 damage)
             ... on level 1 of the Abyss.
             The game lasted 00:23:27 (9626 turns).

brajfter the Geomancer (GrEE)                       Turns: 9626, Time: 00:23:28

Health: -4/63      AC: 18    Str: 13    XL:     10   Next: 71%
Magic:  23/24      EV: 12    Int: 24    God:    Vehumet [**....]
Gold:   328        SH:  0    Dex: 10    Spells: 12/22 levels left

rFire    + . .     SeeInvis .   t - +2 flail (spect)
rCold    . . .     Faith    .   (no shield)
rNeg     + . .     Spirit   .   i - +3 leather armour
rPois    ∞         Reflect  .   f - +0 helmet
rElec    +         Harm     .   j - +2 cloak
rCorr    .         Rampage  .   e - +1 pair of gloves {archery}
Will     .....     Clarity  +   (no boots)
Stlth    ++........             (no amulet)
HPRegen  0.20/turn              l - +6 ring of intelligence
MPRegen  0.19/turn              o - ring of magical power

@: about to teleport, very slightly contaminated, invisible (expiring)
A: AC +7, negative energy resistance 1, electricity resistance, torment
resistance 1, unbreathing 1, petrification resistance, talons 1, clarity, fire
resistance 1, low mp 2, robust 1, [deformed body]
a: Renounce Religion


You were on level 1 of the Abyss.
You worshipped Vehumet.
Vehumet was pleased with you.
You visited 2 branches of the dungeon, and saw 9 of its levels.
You visited the Abyss 1 time.

You collected 852 gold pieces.
You spent 524 gold pieces at shops.

Inventory:

Hand Weapons
 t - a +2 spectral flail (weapon)
 C - a +0 morningstar
Missiles
 b - 113 stones
Armour
 e - a +1 pair of gloves of archery (worn)
 f - a +0 helmet (worn)
 i - a +3 leather armour (worn)
 j - a +2 cloak (worn)
Jewellery
 d - a +6 ring of dexterity
 l - a +6 ring of intelligence (left hand)
 m - a ring of flight
 o - a ring of magical power (right hand)
 w - a ring of see invisible
 A - a ring of protection from fire
Wands
 u - a wand of flame (19)
 v - a wand of random effects (7)
Scrolls
 a - a scroll of magic mapping
 k - 3 scrolls of teleportation
 y - a scroll of fear
Potions
 c - 3 potions of resistance
 h - a potion of curing
 n - a potion of cancellation
 r - a potion of lignification


   Skills:
 + Level 4.8 Fighting
 + Level 4.4 Maces & Flails
 + Level 4.8 Armour
 + Level 4.0 Dodging
 - Level 2.1 Stealth
 + Level 6.6 Spellcasting
 + Level 7.1 Conjurations
 - Level 0.7 Transmutations
 + Level 9.1 Earth Magic
 + Level 4.0 Evocations


You had 12 spell levels left.
You knew the following spells:

 Your Spells              Type           Power      Damage    Failure   Level
a - Sandblast             Erth           100%       2d20      1%          1
b - Stone Arrow           Conj/Erth      92%        3d12      1%          3
c - Lee's Rapid Deconstr  Erth           25%        3d15*     6%          5
d - Apportation           Tloc           14%        N/A       10%         1

Your spell library contained the following spells:

 Spells                   Type           Power      Damage    Failure   Level
 Shock                    Conj/Air       96%        1d9       2%          1
 Magic Dart               Conj           100%       1d8       1%          1
 Passwall                 Tmut/Erth      25%        N/A       1%          2
 Conjure Flame            Conj/Fire      24%        6-21      6%          3
 Dazzling Flash           Conj/Hex       48%        N/A       6%          3
 Beastly Appendage        Tmut           22%        N/A       7%          1
 Animate Skeleton         Necr           14%        N/A       10%         1
 Corona                   Hex            7%         N/A       10%         1
 Summon Small Mammal      Summ           28%        N/A       10%         1
 Wereblood                Tmut           11%        N/A       11%         2
 Mephitic Cloud           Conj/Pois/Air  19%        N/A       11%         3
 Petrify                  Tmut/Erth      31%        N/A       12%         4
 Blink                    Tloc           N/A        N/A       14%         2
 Call Imp                 Summ           7%         N/A       14%         2
 Ensorcelled Hibernation  Hex/Ice        14%        N/A       14%         2
 Slow                     Hex            7%         N/A       14%         2
 Spider Form              Tmut/Pois      4%         N/A       24%         3
 Call Canine Familiar     Summ           7%         N/A       28%         3
 Confusing Touch          Hex            7%         N/A       28%         3
 Gell's Gravitas          Tloc           3%         N/A       28%         3
 Summon Guardian Golem    Hex/Summ       7%         N/A       28%         3
 Tukima's Dance           Hex            7%         N/A       28%         3
 Ice Form                 Ice/Tmut       9%         N/A       61%         4
 Summon Ice Beast         Ice/Summ       7%         N/A       67%         4
 Summon Lightning Spire   Summ/Air       7%         N/A       67%         4
 Blade Hands              Tmut           5%         N/A       88%         5
 Yara's Violent Unravell  Hex/Tmut       4%         3d4       91%         5
 Metabolic Englaciation   Hex/Ice        3%         N/A       95%         5


Dungeon Overview and Level Annotations

Branches:
Dungeon (8/15)             Temple (1/1) D:7
   Lair: D:8-11

Altars:
Ashenzari
Kikubaaqudgha
Nemelex Xobeh
Okawaru
Ru
Vehumet
Xom

Shops:
D:1 ?   D:6 *

Annotations:
D:8 Maggie


Innate Abilities, Weirdness & Mutations

Your stone body is resilient. (AC +7)
You are immune to poison.
You resist negative energy. (rN+)
You are resistant to electric shocks. (rElec)
You are resistant to unholy torment.
You can survive without breathing.
You are immune to petrification.
You have sharp toenails.
You possess an exceptional clarity of mind.
Your flesh is heat resistant. (rF+)
Your magical capacity is very low. (-20% MP)
You are robust. (+10% HP)
[Armour fits poorly on your strangely shaped body.]


Message History

Your spectral weapon shares its damage with you!
Your spectral weapon is knocked back by the lance of force.
The raiju bites you but does no damage.
Casting: Sandblast (safe; 1% risk of failure)
Confirm with . or Enter, or press ? or * to list all spells.
Aiming: Sandblast (safe; 1% risk of failure)
Press: ? - help, Shift-Dir - straight line, f - raiju
Aim: a raiju (heavily wounded, 24% to evade)
The blast of sand hits the raiju!
The raiju is severely wounded.
The raiju barely misses you.
The wretched star pulses with an eldritch light!
Your body twists and deforms.
Unknown command.
You closely miss the raiju.
The raiju is severely wounded.
Your spectral weapon hits the raiju!
You flicker for a moment.
The raiju bites you. The raiju shocks you. You resist.
Casting: Sandblast (safe; 1% risk of failure)
Confirm with . or Enter, or press ? or * to list all spells.
Aiming: Sandblast (safe; 1% risk of failure)
Press: ? - help, Shift-Dir - straight line, f/p - raiju
Aim: a raiju (almost dead, 24% to evade)
The blast of sand hits the raiju!!
You kill the raiju!
Vehumet accepts your kill.
A raiju comes into view.
Your Evocations skill increases to level 4!
You see here a raiju corpse.
You see here a scroll of identify.
Blink to where?
Press: ? - help, Dir - move target
As you read the scroll of blinking, it crumbles to dust.
A tentacled starspawn comes into view.
As you read the scroll of teleportation, it crumbles to dust.
You feel strangely unstable.
You feel the power of the Abyss delaying your translocation!
The tentacled starspawn bites you!!
You die...

.# .. #. #
###########.############
.....................h..
......X@.....*§†........
.....#....?#.....#.....#
#.. ##...###...### ..##
# ##.## ##.## #.### ..
#... #...## ##. .###
..###.# #.. ### .. .. .
##..


You could see a tentacled starspawn and a wretched star.

Vanquished Creatures
  A quicksilver dragon zombie (Abyss:1)
  Prince Ribbit (D:7)
  A raiju (Abyss:1)
  6 humans
  3 yaks (D:7)
  2 orc warriors (D:7)
  3 water moccasins
  A small abomination (Abyss:1)
  An ice beast (D:6)
  2 black bears
  2 necrophages
  2 ogres (D:6)
  2 centaurs
  2 phantoms
  A bullfrog (D:6)
  2 killer bees (D:8)
  A scorpion (D:6)
  3 wights (D:7)
  A jelly (D:7)
  A howler monkey (D:6)
  2 bullfrog zombies
  2 centaur zombies
  A hound (D:6)
  Crazy Yiuf (D:2)
  3 orc priests
  A centaur skeleton (D:7)
  7 orc wizards
  2 iguanas (D:6)
  A hound skeleton (D:4)
  4 gnolls
  4 adders
  A shadow imp (D:6)
  A white imp (D:7)
  An ufetubus (D:7)
  A dart slug (D:3)
  26 orcs
  6 bats
  4 endoplasms
  A giant cockroach (D:1)
  8 goblins
  7 hobgoblins
  12 jackals
  6 quokkas
  9 ball pythons
  3 frilled lizards (D:1)
  8 kobolds
  3 rats
163 creatures vanquished.

Vanquished Creatures (others)
  Psyche (D:8)
  A white imp (Abyss:1)
2 creatures vanquished.

Grand Total: 165 creatures vanquished

Notes
Turn   | Place    | Note
-------+----------+-------------------------------------------
     0 | D:1      | brajfter the Gargoyle Earth Elementalist began the quest
                  | for the Orb.
     0 | D:1      | Reached XP level 1. HP: 10/10 MP: 3/3
    72 | D:1      | Reached skill level 4 in Earth Magic
    72 | D:1      | Reached XP level 2. HP: 15/15 MP: 0/5
   214 | D:1      | Found Orghul's Magic Scroll Boutique.
   289 | D:1      | Bought a scroll of identify for 20 gold pieces
   684 | D:1      | Found a broken altar of Ashenzari.
   947 | D:1      | Reached XP level 3. HP: 17/19 MP: 6/6
   951 | D:1      | Learned a level 3 spell: Stone Arrow
  1679 | D:2      | Reached skill level 1 in Conjurations
  1762 | D:2      | Reached XP level 4. HP: 23/24 MP: 6/8
  1983 | D:2      | Found a runed translucent door.
  1984 | D:2      | Noticed Crazy Yiuf
  1990 | D:2      | Killed Crazy Yiuf
  2794 | D:3      | Found a shimmering altar of Xom.
  2902 | D:3      | Reached skill level 5 in Earth Magic
  3304 | D:3      | Identified a scroll of acquirement
  3304 | D:3      | Acquired 410 gold pieces
  3680 | D:1      | Bought a scroll of identify for 20 gold pieces
  3680 | D:1      | Bought a scroll of brand weapon for 200 gold pieces
  3680 | D:1      | Bought a scroll of teleportation for 30 gold pieces
  3680 | D:1      | Bought a scroll of identify for 20 gold pieces
  3680 | D:1      | Bought a scroll of teleportation for 30 gold pieces
  3680 | D:1      | Bought a scroll of teleportation for 30 gold pieces
  3755 | D:4      | Reached XP level 5. HP: 28/28 MP: 9/9
  3761 | D:4      | Learned a level 5 spell: Lee's Rapid Deconstruction
  4043 | D:4      | Found a radiant altar of Vehumet.
  4046 | D:4      | Noticed a water moccasin
  4053 | D:4      | Killed a water moccasin
  4054 | D:4      | Reached XP level 6. HP: 30/32 MP: 6/11
  4059 | D:4      | Became a worshipper of Vehumet
  4155 | D:4      | Noticed a necrophage
  4161 | D:4      | Killed a necrophage
  4162 | D:4      | Reached skill level 6 in Earth Magic
  4599 | D:4      | Reached XP level 7. HP: 34/36 MP: 7/13
  4758 | D:4      | Found a sacrificial altar of Ru.
  4759 | D:4      | Found a sparkling altar of Nemelex Xobeh.
  4857 | D:5      | Entered Level 5 of the Dungeon
  5095 | D:5      | Found an iron altar of Okawaru.
  5400 | D:5      | Reached skill level 7 in Earth Magic
  5653 | D:5      | Found an ancient bone altar of Kikubaaqudgha.
  6232 | D:6      | Reached skill level 5 in Spellcasting
  6232 | D:6      | Reached XP level 8. HP: 42/42 MP: 15/15
  6397 | D:6      | Reached skill level 1 in Fighting
  6417 | D:6      | Reached skill level 1 in Maces & Flails
  6417 | D:6      | Reached skill level 1 in Armour
  6417 | D:6      | Reached skill level 5 in Conjurations
  6459 | D:6      | Learned a level 1 spell: Apportation
  6476 | D:6      | Reached skill level 1 in Evocations
  6880 | D:6      | Reached * piety under Vehumet
  6880 | D:6      | Offered knowledge of Foxfire by Vehumet.
  7188 | D:6      | Found Zeosiut's Assorted Antiques.
  7199 | D:6      | Bought a scroll of identify for 58 gold pieces
  7199 | D:6      | Bought a scroll labelled RUAGAX LAXZEDO for 29 gold pieces
  7199 | D:6      | Bought a scroll labelled MUGONUAPAI for 29 gold pieces
  7199 | D:6      | Bought a scroll of identify for 58 gold pieces
  7267 | D:6      | Gained mutation: You are dopey. (Int -2) [potion of
                  | mutation]
  7267 | D:6      | Gained mutation: You are strong-willed. (Will+) [potion of
                  | mutation]
  7267 | D:6      | Gained mutation: You possess an exceptional clarity of
                  | mind. [potion of mutation]
  7267 | D:6      | Gained mutation: You have sharp toenails. [potion of
                  | mutation]
  7268 | D:6      | Lost mutation: You are dopey. (Int -2) [potion of mutation]
  7268 | D:6      | Lost mutation: You are strong-willed. (Will+) [potion of
                  | mutation]
  7268 | D:6      | Gained mutation: Scrolls take you a little longer to read.
                  | [potion of mutation]
  7268 | D:6      | Gained mutation: Your muscles are strong. (Str +2) [potion
                  | of mutation]
  7327 | D:7      | Reached XP level 9. HP: 41/49 MP: 17/17
  7910 | D:7      | Found a staircase to the Ecumenical Temple.
  7920 | Temple   | Entered the Ecumenical Temple
  7935 | Temple   | Reached skill level 8 in Earth Magic
  8517 | D:7      | Reached XP level 10. HP: 49/56 MP: 19/19
  8559 | D:7      | Lost mutation: Your muscles are strong. (Str +2) [potion of
                  | mutation]
  8559 | D:7      | Lost mutation: Scrolls take you a little longer to read.
                  | [potion of mutation]
  8559 | D:7      | Gained mutation: You are robust. (+10% HP) [potion of
                  | mutation]
  8559 | D:7      | Gained mutation: Your magical capacity is low. (-10% MP)
                  | [potion of mutation]
  8559 | D:7      | Gained mutation: Your magical capacity is very low. (-20%
                  | MP) [potion of mutation]
  8559 | D:7      | Gained mutation: Your flesh is heat resistant. (rF+)
                  | [potion of mutation]
  8600 | D:7      | Offered knowledge of Shock by Vehumet.
  8612 | D:7      | Noticed Prince Ribbit
  8617 | D:7      | Killed Prince Ribbit
  8617 | D:7      | Reached ** piety under Vehumet
  9204 | D:8      | Noticed Psyche
  9206 | D:8      | Noticed Maggie
  9215 | D:8      | Killed Psyche
  9219 | D:8      | Cast into level 1 of the Abyss (Maggie)
  9252 | Abyss:1  | Noticed a daeva
  9270 | Abyss:1  | HP: 2/63 [daeva/divine providence (10)]
  9493 | Abyss:1  | Reached skill level 9 in Earth Magic
  9493 | Abyss:1  | Noticed a hell knight
  9493 | Abyss:1  | Noticed a hell knight
  9493 | Abyss:1  | Noticed a hell knight
  9494 | Abyss:1  | Noticed a hell knight
  9496 | Abyss:1  | Noticed a hell knight
  9605 | Abyss:1  | Noticed a large abomination
  9616 | Abyss:1  | Noticed a wretched star
  9625 | Abyss:1  | Noticed a tentacled starspawn
  9626 | Abyss:1  | Slain by a tentacled starspawn

Illustrated notes

Levels and vault maps discovered:
D:1:      amcnicky_arrival_choice, layout_loops_cross, serial_shops, shop,
          nicolae_ashenzari_panopticon
D:2:      layout_rooms, uniq_crazy_yiuf_cottage
D:3:      layout_basic, nicolae_overflow_hidden_temple, grunt_decor_mini_mirrors
D:4:      layout_gridville, nicolae_vehumet_altar_sigil,
          gammafunk_temple_overflow_statue, serial_co_window_serial,
          co_window_of_opportunity_a, co_window_cross_1, co_window_paths_b,
          co_window_paths_b, co_window_corner_a, co_window_2corner,
          co_window_paths_c, co_window_corner_cb, co_window_of_opportunity_c,
          co_window_sun, glass_columns_b
D:5:      layout_basic, lemuel_doored_altar, lemuel_coloured_pillars_altar
D:6:      layout_loops_corners, serial_shops, nicolae_shop_stone
D:7:      layout_gridville, minmay_temple_entry_trees, minmay_ruffians,
          uniq_prince_ribbit1
D:8:      layout_gridville, uniq_maggie, uniq_joseph, uniq_psyche
Temple:   compressed_dpeg_circular_temple
Abyss:1:  base:
D:7

Skill      XL: |  1  2  3  4  5  6  7  8  9 10 |
---------------+-------------------------------+-----
Earth Magic    | 4 5 6 7 8 9 |  9.1
Conjurations   | 1 2 3 4 5 6 7 |  7.1
Spellcasting   | 3 4 5 6 |  6.6
Fighting       | 2 3 4 |  4.8
Maces & Flails | 2 3 4 |  4.4
Armour         | 2 3 4 |  4.8
Dodging        | 2 3 4 |  4.0
Evocations     | 1 3 4 |  4.0
Stealth        | |  2.1
Transmutations | |  0.7

Action                   |  1- 3 |  4- 6 |  7- 9 | 10-12 || total
-------------------------+-------+-------+-------+-------++-------
Melee: Short sword       |   102 |   148 |    86 |       ||   336
       Flail             |       |       |    48 |    37 ||    85
       Kick              |       |       |    12 |     9 ||    21
 Cast: Sandblast         |    26 |    31 |    75 |    15 ||   147
       Stone Arrow       |       |     2 |       |    14 ||    16
       Lee's Rapid Decon |       |       |     3 |     1 ||     4
Evoke: Wand              |       |       |       |     1 ||     1
  Use: Scroll            |     3 |    11 |     7 |     6 ||    27
       Potion            |     1 |       |     2 |     8 ||    11
 Stab: Sleeping          |     3 |     2 |     1 |       ||     6
Armor: Robe              |    53 |       |       |       ||    53
       Leather armour    |     8 |    88 |    95 |    37 ||   228
Dodge: Dodged            |    92 |   138 |   131 |    39 ||   400

Table legend: (Time is in decaauts)
 A = Elapsed time spent in this place.
 B = Non-inter-level travel time spent in this place.
 C = Inter-level travel time spent in this place.
 D = Time resting spent in this place.
 E = Time spent auto-exploring this place.
 F = Levels seen in this place.
 G = Mean time per level.
                   A        B        C        D        E       F      G
               +--------+--------+--------+--------+--------+-----+--------+
         Total |   9667 |   9388 |    279 |   1475 |   6116 |  10 |  966.7 |
       Dungeon |   9240 |   8961 |    279 |   1199 |   6116 |   8 | 1155.0 |
        Temple |     33 |     33 |      0 |     11 |      0 |   1 |   33.0 |
         Abyss |    394 |    394 |      0 |    265 |      0 |   1 |  394.0 |
               +--------+--------+--------+--------+--------+-----+--------+

Top non-repeatable levels by time:
     D:7: 1808 daAuts
     D:1: 1650 daAuts
     D:5: 1336 daAuts
     D:3: 1234 daAuts
     D:6: 1110 daAuts
     D:4: 1055 daAuts
     D:2: 946 daAuts
 Abyss:1: 394 daAuts
     D:8: 98 daAuts
  Temple: 33 daAuts
